 Dungeon Crawl Stone Soup version 0.29.1-1-gd02db69 (webtiles) character file.

Game seed: 407210458584035065

97 Kel the Chopper (level 4, -3/28 HPs)
             Began as a Gargoyle Berserker on Nov 25, 2022.
             Was a Believer of Trog.
             Killed from afar by a white imp (8 damage)
             ... with a puff of frost
             ... summoned by Natasha
             ... on level 2 of the Dungeon.
             The game lasted 00:01:59 (1943 turns).

Kel the Chopper (Gargoyle Berserker)                Turns: 1943, Time: 00:02:00

Health: -3/28      AC:  6    Str: 23    XL:     4   Next: 68%
Magic:  4/4        EV: 11    Int:  7    God:    Trog [**....]
Gold:   97         SH:  0    Dex:  9    Spells: 3/3 levels left

rFire   . . .      SeeInvis .   a - +0 hand axe
rCold   . . .      Faith    .   (no shield)
rNeg    + . .      Spirit   .   c - +0 leather armour
rPois   ∞          Reflect  .   (no helmet)
rElec   +          Harm     .   (no cloak)
rCorr   .          Rampage  .   (no gloves)
Will    .....                   (no boots)
Stlth   +.........              (no amulet)
HPRegen 0.09/turn               (no ring)
MPRegen 0.09/turn               (no ring)

@: slowed, very slow
A: sickness immunity, AC +3, negative energy resistance 1, electricity
resistance, torment resistance 1, petrification resistance
a: Renounce Religion, Berserk, Trog's Hand


You were on level 2 of the Dungeon.
You worshipped Trog.
Trog was pleased with you.
You visited 1 branch of the dungeon, and saw 2 of its levels.

You collected 97 gold pieces.

Inventory:

Hand Weapons
 a - a +0 hand axe (weapon)
Armour
 c - a +0 leather armour (worn)
Scrolls
 b - a scroll of identify {unknown}
 d - a scroll of acquirement {unknown}
 g - a scroll of teleportation {unknown}
Potions
 e - 3 potions of cancellation {unknown}
 f - a potion of curing {unknown}
 h - a potion of degeneration {unknown}


   Skills:
 - Level 3.2 Fighting
 + Level 4.8 Axes
 - Level 2.1 Armour
 - Level 1.5 Dodging


You had 3 spell levels left.
You didn't know any spells.
Your spell library was empty.

Dungeon Overview and Level Annotations

Branches:
Dungeon (2/15)

Altars:

Annotations:
D:2 Natasha


Innate Abilities, Weirdness & Mutations

You are immune to sickness and miasma.
Your stone body is resilient. (AC +3)
You are immune to poison.
You resist negative energy. (rN+)
You are resistant to electric shocks. (rElec)
You are resistant to unholy torment.
You are immune to petrification.


Message History

Trog accepts your kill. The dart slug launches a dart at you.
The slug dart hits you but does no damage.
Natasha, Servant of Life and Death comes into view.
Natasha hisses angrily.
The dart slug briefly extends its eye-stalks.
Items here: )) ††††.
You hit the dart slug.
The dart slug is heavily wounded.
The dart slug bites you but does no damage.
You slash the dart slug!
You kill the dart slug!
Trog accepts your kill. Natasha casts a spell at you.
You feel yourself slow down.
Natasha mumbles some strange words.
Items here: )) ††††.
Unknown command.
You hit Natasha but do no damage. Natasha misses you.
The white imp gestures at you. The puff of frost hits you.
You closely miss Natasha. Natasha claws you. x2
The white imp gestures at you. The puff of frost misses you.
You closely miss Natasha. You hit the white imp but do no damage.
Natasha barely misses you. The white imp hits you. The white imp freezes you.
* * * LOW HITPOINT WARNING * * *
You hit Natasha.
Natasha is lightly wounded.
You hit the white imp. Natasha claws you but does no damage.
The white imp barely misses you. Natasha claws you.
* * * LOW HITPOINT WARNING * * *
The white imp sputters.
The white imp closely misses you.
You hit Natasha.
Natasha is moderately wounded.
You closely miss the white imp. Natasha closely misses you.
The white imp gestures at you. The puff of frost hits you!
You die...

##..# .... #..##
.... ###.## .....
##...# .....
##..### ......
#..## ....".# #.##
....$.h####.#
......5@....#
..$...####.>†..)...
##### ##########


You could see Natasha and a white imp (summoned).

Vanquished Creatures
  Natasha (D:2)
  An adder (D:2)
  3 dart slugs
  5 ball pythons
  4 endoplasms (D:1)
  A giant cockroach (D:1)
  11 goblins
  8 hobgoblins
  3 jackals (D:1)
  A kobold (D:1)
  4 quokkas
  A bat (D:2)
  3 frilled lizards (D:1)
  5 rats
51 creatures vanquished.

Notes
Turn   | Place    | Note
-------+----------+-------------------------------------------
     0 | D:1      | Kel the Gargoyle Berserker began the quest for the Orb.
     0 | D:1      | Reached XP level 1. HP: 14/14 MP: 1/1
    81 | D:1      | Reached skill level 3 in Axes
   347 | D:1      | Reached XP level 2. HP: 18/19 MP: 2/2
   891 | D:1      | Reached XP level 3. HP: 18/23 MP: 3/3
  1404 | D:2      | Reached ** piety under Trog
  1405 | D:2      | Reached skill level 4 in Axes
  1592 | D:2      | Noticed Natasha
  1602 | D:2      | Killed Natasha
  1603 | D:2      | Reached XP level 4. HP: 10/28 MP: 4/4
  1933 | D:2      | Noticed Natasha
  1943 | D:2      | Killed from afar by a white imp

Illustrated notes

Levels and vault maps discovered:
D:1:      mrwooster_arrival_statue_2, layout_basic
D:2:      cheibrodos_greedy_goblins, layout_basic, kennysheep_generic_room_4,
          uniq_natasha

Skill      XL: |  1  2  3 |
---------------+----------+-----
Axes           | 3 4 |  4.8
Fighting       | |  3.2
Armour         | |  2.1
Dodging        | |  1.5

Action                   |  1- 3 |  4- 6 || total
-------------------------+-------+-------++-------
Melee: Hand axe          |   122 |    46 ||   168
       Punch             |     1 |       ||     1
Armor: Leather armour    |    47 |    12 ||    59
       Animal skin       |     2 |       ||     2
Dodge: Dodged            |    76 |    29 ||   105
